 Dungeon Crawl Stone Soup version 0.31.0-9-g3a7656b989 (webtiles) character file.

Game seed: 17531126565086348776

464 stipulation the Grappler (level 7, -8/57 HPs)
             Began as a Ghoul Monk on Jan 25, 2024.
             Mangled by a gnoll
             ... wielding a +0 flail
              (9 damage)
             ... on level 3 of the Dungeon.
             The game lasted 00:01:22 (2623 turns).

stipulation the Grappler (Ghoul Monk)               Turns: 2623, Time: 00:01:23

Health: -8/57      AC:  3    Str: 17    XL:     7   Next: 7%
Magic:  7/7        EV: 12    Int:  9    God:
Gold:   27         SH:  0    Dex: 11    Spells: 6/6 levels left

rFire   . .          .
                       - Unarmed
rCold   + . .        c - orb {light}
rNeg    + + +        a - +0 robe
rPois   ∞            s - +0 helmet
rElec   .            (no cloak)
rCorr   .            (no gloves)
SInv    .            (no boots)
Will    .....        (no amulet)
Stlth   +            (no ring)
HPRegen 0.00/turn    (no ring)
MPRegen 0.10/turn

%: no passive effects
@: inhibited regen, glowing
A: claws 1, cold resistance 1, negative energy resistance 3, inhibited
regeneration, torment resistance 2, devour on kill
a: no special abilities


You were on level 3 of the Dungeon.
You visited 1 branch of the dungeon, and saw 3 of its levels.

You collected 125 gold pieces.
You spent 98 gold pieces at shops.

Inventory:

Armour
 a - a +0 robe (worn)
 c - an orb of light (worn)
 s - a +0 helmet (worn)
Jewellery
 r - a +5 ring of evasion
Wands
 k - a wand of roots (6)
Scrolls
 f - 3 scrolls of identify {unknown}
 g - a scroll of brand weapon {unknown}
 h - a scroll of butterflies {unknown}
 i - a scroll of poison {unknown}
 j - 2 scrolls of teleportation {unknown}
 m - 2 scrolls of fog
 n - a scroll of enchant armour {unknown}
 q - a scroll of immolation {unknown}
Potions
 b - a potion of ambrosia
 d - a potion of brilliance {unknown}
 e - a potion of attraction {unknown}
 l - 2 potions of might {unknown}
 o - a potion of heal wounds {unknown}
 p - a potion of enlightenment {unknown}
 t - a potion of curing


   Skills:
 - Level 3.2 Fighting
 - Level 2.6 Dodging
 + Level 8.5 Unarmed Combat


You had 6 spell levels left.
You didn't know any spells.
Your spell library contained the following spells:

 Spells                   Type           Power      Damage    Failure   Level
 Summon Small Mammal      Summ           0%         N/A       38%         1
 Call Canine Familiar     Summ           0%         N/A       77%         3
 Summon Blazeheart Golem  Fire/Summ      0%         N/A       99%         4


Dungeon Overview and Level Annotations

Branches:
Dungeon (3/15)

Altars:
Ashenzari

Shops:
D:3 *[


Innate Abilities, Weirdness & Mutations

You are immune to poison.
You have sharp fingernails.
Your flesh is cold resistant. (rC+)
You are immune to negative energy. (rN+++)
You do not regenerate when monsters are visible.
You are immune to unholy pain and torment.
You thrive by killing the living.


Message History

You scratch the gnoll.
You kill the gnoll!
You feel better. The gnoll barely misses you. The gnoll misses you.
There is an open door here.
Things that are here:
a +0 club; a gnoll corpse You claw the gnoll!
You kill the gnoll!
You feel better. The gnoll hits you with a +0 flail! x2
Things that are here:
a +0 spear; a gnoll corpse You completely miss the gnoll.
The gnoll hits you with a +0 flail! The gnoll closely misses you.
You barely miss the gnoll. The gnoll closely misses you.
The gnoll barely misses you.
You barely miss the gnoll. The gnoll closely misses you.
The gnoll hits you with a +0 flail.
* * * LOW HITPOINT WARNING * * *
You claw the gnoll!
The gnoll is almost dead.
The gnoll hits you with a +0 flail!
* * * LOW HITPOINT WARNING * * *
The gnoll barely misses you.
You scratch the gnoll.
You kill the gnoll!
You feel better. The gnoll hits you with a +0 flail!
* * * LOW HITPOINT WARNING * * *
The gnoll hits you but does no damage.
Things that are here:
a +0 flail; a gnoll corpse The gnoll hits you with a +0 flail.
* * * LOW HITPOINT WARNING * * *
The gnoll attacks as it pursues you! The gnoll closely misses you.
As you open the door, it creaks loudly! The gnoll hits you with a +0 flail.
* * * LOW HITPOINT WARNING * * *
The gnoll attacks as it pursues you! The gnoll hits you with a +0 flail!
You die...

..#...### ##...##
..#.....# ##.##
......#+# +# #'#
.....##.## .##
##.## ....##...##
..## ##...##
#...'.....##+##
...# #)....#
#...##...##...##
..# ##..(##
####.##.##.....##.#
##.## .
#')))....g@+ +'+
###.##.....##.#
##.## #...##...##
..# ##...##
+.....##+## ...#
#.....# ##...##
..## ##...## ##.##
.## ##†## #+# +#
#'# ##.## ##...##


You could see a gnoll.

Vanquished Creatures
  Sigmund (D:2)
  An ice beast (D:3)
  Jessica (D:2)
  Natasha (thrice) (D:2)
  3 gnolls (D:3)
  2 adders (D:2)
  2 dart slugs
  A ribbon worm (D:2)
  7 bats
  7 endoplasms
  7 hobgoblins
  8 jackals
  5 kobolds
  6 ball pythons
  4 frilled lizards
  3 goblins
  4 rats
65 creatures vanquished.

Notes
Turn   | Place    | Note
-------+----------+-------------------------------------------
     0 | D:1      | stipulation the Ghoul Monk began the quest for the Orb.
     0 | D:1      | Reached XP level 1. HP: 19/19 MP: 1/1
   274 | D:1      | Reached XP level 2. HP: 26/26 MP: 2/2
   289 | D:1      | Reached skill level 4 in Unarmed Combat
   554 | D:1      | Reached XP level 3. HP: 31/31 MP: 3/3
   964 | D:2      | Noticed Jessica
   969 | D:2      | Killed Jessica
   970 | D:2      | Reached skill level 5 in Unarmed Combat
   970 | D:2      | Reached XP level 4. HP: 38/38 MP: 4/4
   987 | D:2      | Found a broken altar of Ashenzari.
  1248 | D:2      | Noticed Sigmund
  1261 | D:2      | Killed Sigmund
  1262 | D:2      | Reached skill level 7 in Unarmed Combat
  1262 | D:2      | Reached XP level 5. HP: 26/45 MP: 5/5
  1262 | D:2      | Reached XP level 6. HP: 29/51 MP: 6/6
  1404 | D:2      | Noticed Natasha
  1416 | D:2      | Killed Natasha
  1617 | D:2      | Found a broken altar of Ashenzari.
  1782 | D:2      | Noticed Natasha
  1788 | D:2      | Killed Natasha
  2055 | D:2      | Noticed Natasha
  2057 | D:2      | Found a broken altar of Ashenzari.
  2059 | D:2      | Killed Natasha
  2442 | D:3      | Found Roevey's Antique Armour Emporium.
  2442 | D:3      | Noticed an ice beast
  2457 | D:3      | Killed an ice beast
  2458 | D:3      | Reached skill level 8 in Unarmed Combat
  2548 | D:3      | Reached XP level 7. HP: 57/57 MP: 7/7
  2552 | D:3      | Found Menir's General Store.
  2580 | D:3      | Bought a scroll of fog for 56 gold pieces
  2580 | D:3      | Bought a potion of curing for 42 gold pieces
  2622 | D:3      | HP: 1/57 [gnoll/+0 flail (2)]
  2623 | D:3      | Mangled by a gnoll

Illustrated notes

Levels and vault maps discovered:
D:1:      minmay_arrival_widening_spiral_wide, layout_basic,
          grunt_decor_one_mirror, minmay_gold_behind_fungi,
          dreamdust_princess_corridor, minmay_misc_feat_columns,
          roderic_lattice_a
D:2:      layout_rooms, basic_altar, uniq_sigmund, uniq_jessica, uniq_natasha
D:3:      layout_basic, nicolae_qazlal_eye_of_the_storm, serial_shops, shop,
          nicolae_diamond_shop, shop, shop, nicolae_shop_peninsula,
          nicolae_hexahallways, uniq_ijyb, uniq_terence

Skill      XL: |  1  2  3  4  5  6 |
---------------+-------------------+-----
Unarmed Combat | 4 5 7 8 |  8.5
Fighting       | |  3.2
Dodging        | |  2.6

Action                     |  1- 3 |  4- 6 |  7- 9 || total
---------------------------+-------+-------+-------++-------
  Melee: Unarmed           |    67 |    91 |    13 ||   171
 Armour: Robe              |    28 |    49 |    14 ||    91
  Dodge: Dodged            |    42 |    51 |    12 ||   105
